 Dungeon Crawl Stone Soup version 0.29-a0-392-g297d3b089c (webtiles) character file.

Game seed: 4591924673052964668

12884 NinjaNoafa the Conjurer (level 11, -5/84 HPs)
             Began as a Pale Draconian Fire Elementalist on May 8, 2022.
             Was an Elder of Nemelex Xobeh.
             Killed by divine providence
             ... invoked by an orc priest
              (11 damage)
             ... on level 11 of the Dungeon on May 9, 2022.
             The game lasted 00:45:57 (15370 turns).

NinjaNoafa the Conjurer (DrFE)                     Turns: 15370, Time: 00:45:58

Health: -5/84      AC: 13    Str:  9    XL:     11   Next: 68%
Magic:  16/19      EV: 17    Int: 18    God:    Nemelex Xobeh [****..]
Gold:   757        SH: 17    Dex: 31    Spells: 7/20 levels left

rFire   . . .      SeeInvis .   l - +6 dagger of Dotz {flame, rElec rCorr}
rCold   + . .      Faith    .   z - +4 kite shield {rC+}
rNeg    . . .      Spirit   .   (body armour unavailable)
rPois   .          Reflect  .   E - +2 hat
rElec   +          Harm     .   c - +0 cloak
rCorr   +          Rampage  .   q - +0 pair of gloves
Will    .....                   d - +1 pair of boots
Stlth   +++++.....              v - amulet of Uluseb {Regen+ Str-2 Int-2 Dex+6 Stlth+}
HPRegen 1.04/turn               m - +6 ring of dexterity
MPRegen 0.16/turn               r - +6 ring of dexterity

@: brilliant
A: breathe steam, AC +7, unfitting armour, cold-blooded, steam resistance, claws
1, agile 1, MP-powered wands
a: Breathe Steam, Renounce Religion, Draw Escape, Draw Destruction, Draw
Summoning, Triple Draw, Deal Four


You were on level 11 of the Dungeon.
You worshipped Nemelex Xobeh.
Nemelex Xobeh was greatly pleased with you.
You visited 2 branches of the dungeon, and saw 12 of its levels.

You collected 757 gold pieces.

Inventory:

Hand Weapons
 l - the +6 dagger of Dotz (weapon) {flame, rElec rCorr}
   (You found it on level 2 of the Dungeon)

   It burns those it strikes, dealing additional fire damage.
   rElec:     It insulates you from electricity.
   rCorr:     It protects you from acid and corrosion.
Missiles
 f - 32 poisoned darts (quivered)
 g - 22 boomerangs
 j - 376 stones
 w - 3 throwing nets
 x - 7 curare-tipped darts
Armour
 c - a +0 cloak (worn)
 d - a +1 pair of boots (worn)
 q - a +0 pair of gloves (worn)
 z - a +4 kite shield of cold resistance (worn)
 E - a +2 hat (worn)
Magical Staves
 D - a staff of earth
Jewellery
 m - a +6 ring of dexterity (left hand)
 n - an amulet of magic regeneration
 r - a +6 ring of dexterity (right hand)
 t - a ring of resist corrosion
 u - a +6 ring of strength
 v - the amulet of Uluseb (around neck) {Regen+ Str-2 Int-2 Dex+6 Stlth+}
   (You found it on level 7 of the Dungeon)

   [amulet of regeneration]

   Str:       It affects your strength (-2).
   Int:       It affects your intelligence (-2).
   Dex:       It affects your dexterity (+6).
   Regen:     It increases your rate of health regeneration.
   Stlth:     It makes you more stealthy.
 B - an amulet of the acrobat
 G - a ring of flight
Wands
 b - a wand of iceblast (6)
 h - a wand of polymorph (12)
 k - a wand of charming (10)
 y - a wand of digging (1)
 K - a wand of flame (8)
Scrolls
 p - a scroll of teleportation
 s - a scroll of fear
 H - a scroll of amnesia
 J - a scroll of identify
Potions
 a - a potion of magic
 e - 2 potions of cancellation
 i - a potion of brilliance
 o - a potion of invisibility
 A - a potion of curing
 C - 2 potions of flight
 F - 2 potions of mutation
 I - 2 potions of might
Miscellaneous
 L - a phial of floods (inert)


   Skills:
 + Level 4.0 Fighting
 - Level 5.0 Short Blades
 - Level 1.2 Throwing
 - Level 6.3 Dodging
 - Level 6.0 Stealth
 - Level 6.0 Shields
 - Level 5.3 Spellcasting
 - Level 7.0 Conjurations
 - Level 6.8 Hexes
 - Level 5.2 Fire Magic
 - Level 5.5 Invocations
 - Level 5.0 Evocations


You had 7 spell levels left.
You knew the following spells:

 Your Spells              Type           Power      Damage    Failure   Level
a - Foxfire               Conj/Fire      100%       2x1d9     2%          1
b - Scorch                Fire           70%        2d9       6%          2
c - Magic Dart            Conj           100%       1d8       1%          1
d - Conjure Flame         Conj/Fire      40%        6-21      9%          3
e - Dazzling Flash        Conj/Hex       88%        N/A       6%          3
f - Inner Flame           Hex/Fire       39%        N/A       9%          3

Your spell library contained the following spells:

 Spells                   Type           Power      Damage    Failure   Level
 Searing Ray              Conj           90%        2d7       3%          2
 Fulminant Prism          Conj/Hex       22%        3d13      21%         4
 Summon Guardian Golem    Hex/Summ       25%        N/A       26%         3
 Flame Wave               Conj/Fire      40%        2d9       28%         4
 Freeze                   Ice            28%        1d5       34%         1
 Sting                    Tmut/Pois      28%        1d4       34%         1
 Summon Small Mammal      Summ           28%        N/A       34%         1
 Mephitic Cloud           Conj/Pois/Air  19%        N/A       36%         3
 Call Imp                 Summ           7%         N/A       45%         2
 Poisonous Vapours        Pois/Air       14%        N/A       45%         2
 Hailstorm                Conj/Ice       26%        3d7       63%         4
 Iskenderun's Mystic Bla  Conj/Tloc      26%        2d7       63%         4
 Call Canine Familiar     Summ           7%         N/A       71%         3
 Frozen Ramparts          Ice            14%        1d3       71%         3
 Olgreb's Toxic Radiance  Pois           7%         N/A       98%         4
 Starburst                Conj/Fire      20%        6d7       99%         6


Dungeon Overview and Level Annotations

Branches:
Dungeon (11/15)            Temple (1/1) D:6            Lair (0/6) D:8
    Orc: D:9-12

Altars:
Ashenzari
Cheibriados
Dithmenos
Elyvilon
Fedhas
Gozag
Hepliaklqana
Kikubaaqudgha
Makhleb
Nemelex Xobeh
Okawaru
Qazlal
Ru
Sif Muna
Trog
Uskayaw
Vehumet
Wu Jian
Xom
Yredelemnul
Zin
The Shining One
Ignis

Shops:
D:3 (   D:4 *

Annotations:
D:8 3 runed translucent doors, iguanaiguana's ghost, novice DjCK


Innate Abilities, Weirdness & Mutations

You can breathe blasts of scalding, opaque steam.
Your pale cyan-grey scales are hard. (AC +7)
You cannot fit into any form of body armour.
You are cold-blooded and may be slowed by cold attacks.
You are immune to the effects of steam.
You have sharp fingernails.
You are agile. (Dex +2)
You expend magic power (3 MP) to strengthen your wands.


Message History

The fiery explosion engulfs the orc!!! x2
You kill the orc!
The fiery explosion engulfs the red ugly thing!
The red ugly thing resists.
The red ugly thing is severely wounded.
The fiery explosion engulfs you!!
The orc explodes!
The fiery explosion engulfs the orc!!
You kill the orc!
The fiery explosion engulfs the red ugly thing.
The red ugly thing resists.
The red ugly thing is almost dead.
The fiery explosion engulfs the orc priest!!!
The orc priest explodes!
The fiery explosion engulfs the red ugly thing!
The red ugly thing resists.
You kill the red ugly thing!
The fiery explosion engulfs you!
* * * LOW HITPOINT WARNING * * *
Training target 6.0 for Stealth reached!
Your Stealth skill increases to level 6!
You need to enable at least one skill for training.
Your Fighting skill increases to level 4!
Casting: Magic Dart (safe; 1% risk of failure)
Confirm with . or Enter, or press ? or * to list all spells.
Aiming: Magic Dart (safe; 1% risk of failure)
Press: ? - help, Shift-Dir - straight line, f - orc priest
Aim: an orc priest, wielding a +0 club (100% to hit)
You feel a surge of power!
The magic dart hits the orc priest!
The orc priest is heavily wounded.
The orc priest calls down the wrath of Beogh upon you.
Beogh smites you!
* * * LOW HITPOINT WARNING * * *
Okay, then.
Okay, then.
You draw a card...
You have drawn the Cloud.
Clouds appear around you!
The orc priest invokes the aid of Beogh against you.
Beogh smites you!
You die...
Your body glows slightly and disappears.

# ## ### ##8 ##8###.##
#...#...#§..##
....°○§§)§...##
....oo§§§§.@..# ########
...)§o§§§.....### #.......
#...#§o§#§..#...#####.......
##8 ##8###8####.....'.......
## ### #######....... #+#
#....... #.# #####'## #.#
#.## #.# ######### #...


You could see an orc warrior, an orc priest and 2 orcs.

Vanquished Creatures
  2 hydras
  A deep elf pyromancer (D:7)
  An ugly thing (D:11)
  A cyclops (D:7)
  Maurice (D:10)
  A gargoyle (D:10)
  2 trolls
  Prince Ribbit (D:7)
  3 slime creatures (D:7)
  A vampire (D:7)
  A shadow (D:9)
  A wyvern (D:9)
  A wraith (D:10)
  17 yaks
  A steam dragon (D:9)
  A water moccasin (D:6)
  A black bear (D:7)
  8 orc warriors
  An ogre (D:6)
  6 centaurs
  3 ice beasts
  4 kobold brigands
  3 bullfrogs
  3 necrophages
  A gnoll sergeant (D:11)
  4 scorpions
  15 wights
  9 killer bees
  8 howler monkeys
  9 orc priests
  A gnoll shaman (D:5)
  5 hounds
  An iguana (D:5)
  Ijyb (D:3)
  8 orc wizards
  16 gnolls
  6 adders
  A shadow imp (D:6)
  4 white imps
  3 ufetubi
  4 worms
  2 dart slugs
  35 orcs
  3 bats
  6 endoplasms
  3 giant cockroaches
  7 goblins
  10 hobgoblins
  11 jackals
  5 quokkas
  12 ball pythons
  3 frilled lizards
  28 kobolds
  A rat (D:3)
  2 foxfires (D:10)
289 creatures vanquished.

Vanquished Creatures (collateral kills)
  A yak (D:8)
1 creature vanquished.

Vanquished Creatures (others)
  An acid dragon (D:9)
  592 foxfires
593 creatures vanquished.

Grand Total: 883 creatures vanquished

Notes
Turn   | Place    | Note
-------+----------+-------------------------------------------
     0 | D:1      | NinjaNoafa the Draconian Fire Elementalist began the quest
                  | for the Orb.
     0 | D:1      | Reached XP level 1. HP: 14/14 MP: 3/3
   455 | D:1      | Reached XP level 2. HP: 20/20 MP: 3/5
  1636 | D:2      | Found a bloodstained altar of Trog.
  1639 | D:2      | Found a faded altar of an unknown god.
  1676 | D:2      | Reached XP level 3. HP: 26/26 MP: 4/6
  1679 | D:2      | Learned a level 2 spell: Scorch
  1855 | D:2      | Identified the +6 dagger of Dotz {flame, rElec rCorr}
  2462 | D:2      | Reached skill level 2 in Conjurations
  2462 | D:2      | Reached XP level 4. HP: 32/33 MP: 3/7
  2656 | D:3      | Noticed Ijyb
  2666 | D:3      | Killed Ijyb
  2824 | D:3      | Noticed a necrophage
  2849 | D:3      | Killed a necrophage
  2850 | D:3      | Reached XP level 5. HP: 38/38 MP: 5/9
  3160 | D:3      | Found Fairice's Weapon Shoppe.
  3662 | D:4      | Found a white marble altar of Elyvilon.
  3666 | D:4      | Reached skill level 1 in Evocations
  3830 | D:4      | Found Orokiug's Neck Hole.
  3912 | D:4      | Found a faded altar of an unknown god.
  3912 | D:4      | Found a faded altar of an unknown god.
  3921 | D:4      | Found an ancient bone altar of Kikubaaqudgha.
  3923 | D:4      | Found a glowing golden altar of the Shining One.
  3926 | D:4      | Found a sparkling altar of Nemelex Xobeh.
  4324 | D:4      | Became a worshipper of Nemelex Xobeh the Trickster
  4406 | D:4      | Reached skill level 1 in Invocations
  4406 | D:4      | Reached XP level 6. HP: 45/45 MP: 10/10
  4424 | D:4      | Learned a level 1 spell: Magic Dart
  4530 | D:5      | Entered Level 5 of the Dungeon
  4830 | D:5      | Reached skill level 1 in Fighting
  5256 | D:5      | Your scales start taking on a pale cyan-grey colour.
  5256 | D:5      | Reached XP level 7. HP: 55/55 MP: 7/11
  5256 | D:5      | Gained mutation: You are immune to the effects of steam.
                  | [Pale Draconian growth]
  6000 | D:6      | Reached * piety under Nemelex Xobeh
  6175 | D:6      | Found a staircase to the Ecumenical Temple.
  6227 | D:6      | Received a gift from Nemelex Xobeh
  6390 | D:6      | Reached skill level 3 in Conjurations
  6390 | D:6      | Reached XP level 8. HP: 27/63 MP: 9/14
  6648 | D:6      | Reached skill level 4 in Conjurations
  6773 | D:6      | Found a shimmering altar of Xom.
  6928 | D:7      | Noticed Prince Ribbit
  6934 | D:7      | Killed Prince Ribbit
  6935 | D:7      | Reached skill level 5 in Conjurations
  6964 | D:7      | Reached skill level 6 in Conjurations
  6978 | D:7      | Reached skill level 7 in Conjurations
  7515 | D:7      | Noticed a cyclops
  7515 | D:7      | Noticed a slime creature
  7515 | D:7      | Noticed a slime creature
  7515 | D:7      | Noticed a five-headed hydra
  7516 | D:7      | Noticed a deep elf pyromancer
  7905 | Temple   | Entered the Ecumenical Temple
  8079 | D:7      | Found a blossoming altar of Fedhas.
  8103 | D:7      | Killed a five-headed hydra
  8104 | D:7      | Reached skill level 5 in Dodging
  8104 | D:7      | Reached skill level 5 in Invocations
  8104 | D:7      | Reached XP level 9. HP: 69/69 MP: 12/16
  8121 | D:7      | Reached skill level 5 in Spellcasting
  8130 | D:7      | Reached skill level 1 in Hexes
  8410 | D:8      | Reached ** piety under Nemelex Xobeh
  8442 | D:8      | Learned a level 3 spell: Conjure Flame
  8735 | D:8      | Reached skill level 5 in Fire Magic
  8766 | D:8      | Found a runed translucent gate.
  8766 | D:8      | Found a runed translucent gate.
  8766 | D:8      | Found a runed translucent gate.
  8768 | D:8      | Noticed iguanaiguana's ghost (novice DjCK)
  9147 | D:8      | Learned a level 3 spell: Dazzling Flash
  9300 | D:8      | Found a staircase to the Lair.
  9361 | D:8      | Found a snail-covered altar of Cheibriados.
  9592 | D:8      | Reached XP level 10. HP: 20/77 MP: 15/18
 10310 | D:8      | Gained mutation: You expend magic power (3 MP) to
                  | strengthen your wands. [potion of mutation]
 10310 | D:8      | Gained mutation: You have sharp fingernails. [potion of
                  | mutation]
 10310 | D:8      | Gained mutation: You are agile. (Dex +2) [potion of
                  | mutation]
 10352 | D:7      | Learned a level 3 spell: Inner Flame
 10376 | D:7      | Reached skill level 5 in Hexes
 10546 | D:7      | Killed a cyclops
 10867 | D:7      | Identified the amulet of Uluseb {Regen+ Str-2 Int-2 Dex+6
                  | Stlth+}
 11161 | D:7      | Killed a deep elf pyromancer
 11182 | D:7      | Reached *** piety under Nemelex Xobeh
 11556 | D:9      | Received a gift from Nemelex Xobeh
 11976 | D:9      | Reached XP level 11. HP: 69/82 MP: 2/19
 12265 | D:9      | Reached skill level 5 in Short Blades
 12265 | D:9      | Reached skill level 5 in Shields
 12491 | D:9      | Reached skill level 1 in Throwing
 12907 | D:9      | Found a shadowy altar of Dithmenos.
 12908 | D:9      | Found a hazy altar of Hepliaklqana.
 13139 | D:10     | Entered Level 10 of the Dungeon
 13139 | D:10     | Received a gift from Nemelex Xobeh
 13156 | D:10     | Noticed Maurice
 13168 | D:10     | Killed Maurice
 13216 | D:10     | Found a sacrificial altar of Ru.
 13726 | D:10     | Reached **** piety under Nemelex Xobeh
 13916 | D:10     | Reached skill level 5 in Evocations
 14365 | D:11     | Noticed a six-headed hydra
 14369 | D:11     | Killed a six-headed hydra
 14448 | D:11     | Received a gift from Nemelex Xobeh
 14529 | D:11     | Noticed a two-headed ogre
 14815 | D:11     | Reached skill level 5 in Stealth
 15354 | D:11     | Noticed a red ugly thing
 15366 | D:11     | Killed a red ugly thing
 15370 | D:11     | Killed from afar by an orc priest

Illustrated notes

Levels and vault maps discovered:
D:1:      nicolae_arrival_washed_ashore, layout_loops_corners
D:2:      layout_loops_ring, ebering_ecumenical_altar_petrified, basic_altar,
          glass_columns_b
D:3:      layout_rooms, serial_shops, shop, grunt_ministairs_13, uniq_ijyb
D:4:      layout_rooms, old_standard_altar, chequers_temple_overflow_minitemple,
          minmay_crystal_room, chequers_serial_rivers_micro_a,
          minmay_misc_feat_alley, nicolae_shop_sticking_my_neck_out
D:5:      layout_loops_corners
D:6:      layout_basic, mainiacjoe_overflow_catwalk,
          minmay_temple_entry_nine_rooms, minmay_diced_spiral
D:7:      minmay_the_grid_triangle_9x9_recursive_2
          [minmay_the_grid_triangle_9x9_prize_top_heavy,
          minmay_the_grid_triangle_9x9_longest,
          minmay_the_grid_triangle_9x9_empty,
          minmay_the_grid_triangle_9x9_zippers_vertical], layout_gridville,
          fedhas_bush_and_centaur_altar, nrook_uturn, minmay_between,
          uniq_prince_ribbit1
D:8:      layout_gridville, cheibrodos_worm_habitat, lair_entry_dummy,
          gammafunk_ghost_spectres, minivault_19
D:9:      layout_stronghold, riverfiend_overflow_shadow_ancestor
D:10:     layout_irregular_city, mainiacjoe_overflow_six_doors_small,
          minmay_misc_feat_nine_boxes, kennysheep_generic_room_2, uniq_maurice
D:11:     layout_roguey, david_orc_4
Temple:   ebering_untended_altars

Skill      XL: |  1  2  3  4  5  6  7  8  9 10 11 |
---------------+----------------------------------+-----
Stealth        | 2 6 |  6.0
Dodging        | 2 3 4 5 6 |  6.3
Conjurations   | 2 3 7 |  7.0
Evocations     | 2 3 4 5 |  5.0
Invocations    | 1 3 5 |  5.5
Fighting       | 2 3 4 |  4.0
Spellcasting   | 3 4 5 |  5.3
Fire Magic     | 4 5 |  5.2
Hexes          | 4 6 |  6.8
Short Blades   | 4 5 |  5.0
Shields        | 4 6 |  6.0
Throwing       | 1 |  1.2

Action                   |  1- 3 |  4- 6 |  7- 9 | 10-12 || total
-------------------------+-------+-------+-------+-------++-------
Melee: Unarmed           |     6 |       |       |       ||     6
       Dagger            |    16 |    30 |    85 |   137 ||   268
       Tailslap          |     1 |     6 |    11 |    34 ||    52
       Punch             |       |     1 |     2 |       ||     3
Throw: Dart              |       |       |       |     6 ||     6
 Cast: Foxfire           |    83 |   136 |    89 |    61 ||   369
       Scorch            |     2 |     8 |    59 |    32 ||   101
       Magic Dart        |       |     6 |    39 |    46 ||    91
       Conjure Flame     |       |       |     4 |    10 ||    14
       Dazzling Flash    |       |       |     4 |     7 ||    11
       Inner Flame       |       |       |       |    27 ||    27
Invok: Draw Escape       |       |       |     1 |     2 ||     3
       Draw Destruction  |       |       |     1 |     2 ||     3
       Draw Summoning    |       |       |     1 |       ||     1
 Abil: Breathe Steam     |       |       |     4 |    12 ||    16
Evoke: Wand              |       |       |     3 |    10 ||    13
       Phial of floods   |       |       |       |     1 ||     1
  Use: Scroll            |       |     7 |     9 |     8 ||    24
       Potion            |       |     3 |    10 |     5 ||    18
 Stab: Sleeping          |     1 |       |       |     4 ||     5
       Invisible         |       |       |     3 |     3 ||     6
Armor: Skin              |    33 |    37 |   129 |    50 ||   249
Dodge: Dodged            |    69 |    56 |   212 |   133 ||   470
Block: Kite shield       |       |       |       |   168 ||   168

Table legend: (Time is in decaauts)
 A = Elapsed time spent in this place.
 B = Non-inter-level travel time spent in this place.
 C = Inter-level travel time spent in this place.
 D = Time resting spent in this place.
 E = Time spent auto-exploring this place.
 F = Levels seen in this place.
 G = Mean time per level.
                   A        B        C        D        E       F      G
               +--------+--------+--------+--------+--------+-----+--------+
         Total |  15369 |  14687 |    682 |   1226 |  10659 |  12 | 1280.8 |
       Dungeon |  15272 |  14590 |    682 |   1226 |  10620 |  11 | 1388.4 |
        Temple |     96 |     96 |      0 |      0 |     39 |   1 |   96.0 |
               +--------+--------+--------+--------+--------+-----+--------+

Top non-repeatable levels by time:
     D:8: 2358 daAuts
     D:7: 2065 daAuts
     D:1: 1748 daAuts
     D:9: 1612 daAuts
     D:6: 1220 daAuts
    D:10: 1206 daAuts
     D:4: 1153 daAuts
     D:5: 1135 daAuts
     D:2: 1071 daAuts
    D:11: 1003 daAuts
     D:3: 697 daAuts
  Temple: 96 daAuts
